3L
FT. WORTH CATTLEMEN @ BUCKHEAD BOWTIES
04/21/2038
 
TOP OF THE 1ST
Ft. Worth Cattlemen batting - Pitching for Buckhead Bowties : LHP Dale Hamilton
Pitching: LHP Dale Hamilton
Batting: RHB Mario Álvarez 0-0: Ball
1-0: Ball
2-0: Fly out, F8 (Flyball, 78D, EV 94.4 MPH)
Batting: LHB Ashley Thachi 0-0: Foul Ball, location: 2F
0-1: Ground out 5-3 (Groundball, 5, EV 92.5 MPH)
Batting: RHB Ramón Rodríguez 0-0: Ball
1-0: Called Strike
1-1: Foul Ball, location: 2F
1-2: SINGLE (Groundball, 56D, EV 105.6 MPH)
Batting: LHB Semo Hoaloha 0-0: Ball
1-0: Foul Ball, location: 2F
1-1: SINGLE (Groundball, 56D, EV 110.0 MPH)
Ramón Rodríguez to second
Batting: RHB Sergio Ortíz 0-0: Called Strike
0-1: Ground out 1-3 (Groundball, 13, EV 77.5 MPH)
Top of the 1st over - 0 runs, 2 hits, 0 errors, 2 left on base; Ft. Worth 0 - Buckhead 0
BOTTOM OF THE 1ST
Buckhead Bowties batting - Pitching for Ft. Worth Cattlemen : RHP Armando Romano
Pitching: RHP Armando Romano
Batting: SHB Nuygen Vuong 0-0: Ball
1-0: Called Strike
1-1: Ball
2-1: Foul Ball, location: 2F
2-2: Foul Ball, location: 2F
2-2: SINGLE (Flyball, 7LS, EV 88.8 MPH)
Batting: LHB Mike Gillespie 0-0: Foul Ball, location: 2F
0-1: Called Strike
0-2: Foul Ball, location: 2F
0-2: Ball
1-2: Fly out, F9 (Flyball, 9, EV 88.1 MPH)
Batting: LHB Marcus Shill 0-0: Fly out, F5 (Popup, 56S, EV 81.2 MPH)
Batting: LHB Jesús Encarnación 0-0: Fly out, F7 (Line Drive, 7D, EV 88.8 MPH)
Bottom of the 1st over - 0 runs, 1 hit, 0 errors, 1 left on base; Ft. Worth 0 - Buckhead 0
TOP OF THE 2ND
Ft. Worth Cattlemen batting - Pitching for Buckhead Bowties : LHP Dale Hamilton
Batting: LHB Craig Woods 0-0: Ball
1-0: Foul Ball, location: 2F
1-1: Ball
2-1: Foul Ball, location: 2F
2-2: Ball
3-2: SINGLE (Groundball, 4MD, EV 103.1 MPH)
Batting: RHB Keiran Calleson 0-0: Foul Ball, location: 2F
0-1: Called Strike
0-2: Ball
1-2: Foul Ball, location: 2F
1-2: Ball
2-2: Foul Ball, location: 2F
2-2: Fly out, F8 (Flyball, 8RM, EV 90.6 MPH)
Batting: LHB Francisco García 0-0: Foul Ball, location: 2F
0-1: Ball
1-1: Swinging Strike
1-2: Ball
2-2: Ball
3-2: Foul Ball, location: 2F
3-2: Strikes out swinging
Batting: RHB Mun-wah Law 0-0: Ball
1-0: Fly out, F4 (Popup, 4M, EV 75.6 MPH)
Top of the 2nd over - 0 runs, 1 hit, 0 errors, 1 left on base; Ft. Worth 0 - Buckhead 0
BOTTOM OF THE 2ND
Buckhead Bowties batting - Pitching for Ft. Worth Cattlemen : RHP Armando Romano
Batting: RHB Barsati Saraf 0-0: Called Strike
0-1: Ground out 1-3 (Groundball, 34S, EV 89.4 MPH)
Batting: RHB Nick Bechtel 0-0: Swinging Strike
0-1: Ball
1-1: Fly out, F6 (Line Drive, 6, EV 65.6 MPH)
Batting: LHB Jim Halpert 0-0: Ball
1-0: Ball
2-0: Fly out, F9 (Line Drive, 9, EV 98.8 MPH)
Bottom of the 2nd over - 0 runs, 0 hits, 0 errors, 0 left on base; Ft. Worth 0 - Buckhead 0
TOP OF THE 3RD
Ft. Worth Cattlemen batting - Pitching for Buckhead Bowties : LHP Dale Hamilton
Batting: RHB Mario Álvarez 0-0: Ball
1-0: Called Strike
1-1: Swinging Strike
1-2: Foul Ball, location: 2F
1-2: Ball
2-2: Ball
3-2: Foul Ball, location: 2F
3-2: Foul Ball, location: 2F
3-2: Foul Ball, location: 2F
3-2: Fly out, F8 (Flyball, 78M, EV 93.8 MPH)
Batting: LHB Ashley Thachi 0-0: Ball
1-0: Called Strike
1-1: SINGLE (Groundball, 4MD, EV 100.0 MPH)
Batting: RHB Ramón Rodríguez 0-0: Ball
1-0: Ball
2-0: Ball
3-0: Base on Balls
Ashley Thachi to second
Batting: LHB Semo Hoaloha 0-0: Foul Ball, location: 2F
0-1: Foul Ball, location: 2F
0-2: Foul Ball, location: 2F
0-2: Foul Ball, location: 2F
0-2: Foul Ball, location: 2F
0-2: Ball
1-2: Strikes out swinging
Batting: RHB Sergio Ortíz 0-0: Ball
1-0: Swinging Strike
1-1: Swinging Strike
1-2: Fly out, F7 (Flyball, 78S, EV 93.8 MPH)
Top of the 3rd over - 0 runs, 1 hit, 0 errors, 2 left on base; Ft. Worth 0 - Buckhead 0
BOTTOM OF THE 3RD
Buckhead Bowties batting - Pitching for Ft. Worth Cattlemen : RHP Armando Romano
Batting: SHB Henrique de Senna Fernandes 0-0: Ball
1-0: Ball
2-0: Called Strike
2-1: Ball
3-1: Base on Balls
Batting: RHB Pellervo Rintanen 0-0: Called Strike
0-1: Ball
1-1: Foul Ball, location: 2F
1-2: Foul Ball, location: 2F
1-2: Foul Ball, location: 2F
1-2: Foul Ball, location: 2F
1-2: Ball
2-2: Ball
3-2: Foul Ball, location: 2F
3-2: SINGLE (Flyball, 9S, EV 91.2 MPH)
Henrique de Senna Fernandes to second
Runner from 2nd tries for 3rd, SAFE, throw by RF made to third
Batting: SHB Nuygen Vuong 0-0: Ball
1-0: Ball
2-0: Foul Ball, location: 2F
2-1: DOUBLE (Flyball, 89D, EV 101.9 MPH)
Henrique de Senna Fernandes scores
Pellervo Rintanen to third
Runner from 3rd tries for Home, SAFE, no throw by RF
Batting: LHB Mike Gillespie 0-0: Called Strike
0-1: Ball
1-1: Ball
Wild Pitch!
Nuygen Vuong to third
2-1: Swinging Strike
2-2: Strikes out swinging
Batting: LHB Marcus Shill 0-0: Called Strike
0-1: Fly out, F8 (Flyball, 8RM, EV 76.9 MPH)
Runner from 3rd tags up, SCORES, throw by CF
Batting: LHB Jesús Encarnación 0-0: Fly out, F7 (Flyball, 7, EV 85.6 MPH)
Bottom of the 3rd over - 3 runs, 2 hits, 0 errors, 0 left on base; Ft. Worth 0 - Buckhead 3
TOP OF THE 4TH
Ft. Worth Cattlemen batting - Pitching for Buckhead Bowties : LHP Dale Hamilton
Batting: LHB Craig Woods 0-0: Foul Ball, location: 2F
0-1: Ball
1-1: Ground out 1-3 (Groundball, 15, EV 95.0 MPH)
Batting: RHB Keiran Calleson 0-0: Ball
1-0: Ground out 4-3 (Groundball, 34, EV 80.0 MPH)
Batting: LHB Francisco García 0-0: Foul Ball, location: 2F
0-1: Ball
1-1: Ball
2-1: Ball
3-1: Called Strike
3-2: Foul Ball, location: 2F
3-2: Ground out 6-3 (Groundball, 6, EV 88.8 MPH)
Top of the 4th over - 0 runs, 0 hits, 0 errors, 0 left on base; Ft. Worth 0 - Buckhead 3
BOTTOM OF THE 4TH
Buckhead Bowties batting - Pitching for Ft. Worth Cattlemen : RHP Armando Romano
Batting: RHB Barsati Saraf 0-0: Called Strike
0-1: Ball
1-1: Called Strike
1-2: Strikes out looking
Batting: RHB Nick Bechtel 0-0: Called Strike
0-1: Foul Ball, location: 2F
0-2: Ball
1-2: Foul Ball, location: 2F
1-2: Fly out, F7 (Flyball, 7S, EV 93.1 MPH)
Batting: LHB Jim Halpert 0-0: Ball
1-0: Called Strike
1-1: Ball
2-1: Foul Ball, location: 2F
2-2: Strikes out swinging
Bottom of the 4th over - 0 runs, 0 hits, 0 errors, 0 left on base; Ft. Worth 0 - Buckhead 3
TOP OF THE 5TH
Ft. Worth Cattlemen batting - Pitching for Buckhead Bowties : LHP Dale Hamilton
Pitching: RHP Enrique Cruz
Batting: RHB Mun-wah Law 0-0: Ball
1-0: Ball
2-0: Ball
3-0: Called Strike
3-1: Swinging Strike
3-2: Base on Balls
Batting: RHB Mario Álvarez 0-0: Foul Ball, location: 2F
0-1: Ball
1-1: Ball
2-1: Bunted foul
2-2: Foul Ball, location: 2F
2-2: Ball
3-2: Foul Ball, location: 2F
3-2: Base on Balls
Mun-wah Law to second
Batting: LHB Ashley Thachi 0-0: Foul Ball, location: 2F
0-1: Ball
1-1: Bunted foul
1-2: Foul Ball, location: 2F
1-2: Fielders Choice at 2nd, 1-6 (Groundball, 34S, EV 84.4 MPH)
Mun-wah Law to third
Batting: RHB Ramón Rodríguez 0-0: Called Strike
0-1: Ball
1-1: Called Strike
1-2: Foul Ball, location: 2F
1-2: Foul Ball, location: 2F
1-2: Foul Ball, location: 2F
1-2: Ball
Wild Pitch!
Mun-wah Law scores
Ashley Thachi to second
2-2: Foul Ball, location: 2F
2-2: Ball
3-2: Foul Ball, location: 2F
3-2: Foul Ball, location: 2F
3-2: Ground out 5-3 (Groundball, 56, EV 87.5 MPH)
Batting: LHB Semo Hoaloha 0-0: Called Strike
0-1: Foul Ball, location: 2F
0-2: Ball
1-2: Ball
2-2: Ball
3-2: Base on Balls
Batting: RHB Sergio Ortíz 0-0: Fly out, F9 (Line Drive, 9D, EV 88.8 MPH)
Top of the 5th over - 1 run, 0 hits, 0 errors, 2 left on base; Ft. Worth 1 - Buckhead 3
BOTTOM OF THE 5TH
Buckhead Bowties batting - Pitching for Ft. Worth Cattlemen : RHP Armando Romano
Pitching: RHP Gojong Joseon
Batting: SHB Henrique de Senna Fernandes 0-0: Fly out, F6 (Popup, 6MD, EV 52.5 MPH)
Batting: RHB Pellervo Rintanen 0-0: Ball
1-0: Ball
2-0: SOLO HOME RUN (Flyball, 78XD, EV 111.2 MPH), Distance : 421 ft
Batting: SHB Nuygen Vuong 0-0: Ball
1-0: Ball
2-0: Called Strike
2-1: Ball
3-1: Base on Balls
Batting: LHB Mike Gillespie 0-0: Foul Ball, location: 2F
0-1: Ball
1-1: TRIPLE (Line Drive, 78XD, EV 105.0 MPH)
Nuygen Vuong scores
Batting: LHB Marcus Shill 0-0: Ball
1-0: Ball
2-0: Foul Ball, location: 2F
2-1: Ground out U3 (Groundball, 3L, EV 75.6 MPH)
Batting: LHB Jesús Encarnación 0-0: Ball
1-0: Ball
2-0: Foul Ball, location: 2F
2-1: Foul Ball, location: 2F
2-2: Fly out, F7 (Flyball, 7, EV 90.0 MPH)
Bottom of the 5th over - 2 runs, 2 hits, 0 errors, 1 left on base; Ft. Worth 1 - Buckhead 5
TOP OF THE 6TH
Ft. Worth Cattlemen batting - Pitching for Buckhead Bowties : RHP Enrique Cruz
Batting: LHB Craig Woods 0-0: Called Strike
0-1: Swinging Strike
0-2: Strikes out looking
Batting: RHB Keiran Calleson 0-0: Called Strike
0-1: Ball
1-1: Foul Ball, location: 2F
1-2: Foul Ball, location: 2F
1-2: Foul Ball, location: 2F
1-2: Strikes out swinging
Batting: LHB Francisco García 0-0: Swinging Strike
0-1: Ball
1-1: Ball
2-1: Foul Ball, location: 2F
2-2: Fly out, F7 (Flyball, 7D, EV 105.0 MPH)
Top of the 6th over - 0 runs, 0 hits, 0 errors, 0 left on base; Ft. Worth 1 - Buckhead 5
BOTTOM OF THE 6TH
Buckhead Bowties batting - Pitching for Ft. Worth Cattlemen : RHP Gojong Joseon
Batting: RHB Barsati Saraf 0-0: SINGLE (Groundball, 56S, EV 72.5 MPH) (infield hit)
Batting: RHB Nick Bechtel 0-0: Ball
1-0: Ball
2-0: Called Strike
2-1: Ball
3-1: SINGLE (Groundball, 6MD, EV 105.0 MPH)
Barsati Saraf to second
Batting: LHB Jim Halpert 0-0: Ball
1-0: Called Strike
1-1: Foul Ball, location: 2F
1-2: Ball
2-2: Ball
3-2: Base on Balls
Barsati Saraf to third
Nick Bechtel to second
Pitching: LHP Ricardo Ruíz
Batting: SHB Henrique de Senna Fernandes 0-0: SINGLE (Groundball, 34D, EV 98.1 MPH)
Barsati Saraf scores
Nick Bechtel to third
Jim Halpert to second
Batting: RHB Pellervo Rintanen 0-0: Ball
1-0: Ball
2-0: Fielders Choice at 2nd, 4-6 (Groundball, 4S, EV 80.0 MPH)
Nick Bechtel scores
Jim Halpert to third
Pinch Hitting: RHB César Guerra 0-0: Foul Ball, location: 2F
0-1: Ball
1-1: Ball
2-1: Ball
3-1: SINGLE (Groundball, 6MD, EV 93.8 MPH)
Jim Halpert scores
Pellervo Rintanen to second
Pinch Hitting: LHB Charles Godard 0-0: Swinging Strike
0-1: Swinging Strike
0-2: Foul Ball, location: 2F
0-2: Strikes out swinging
Pinch Hitting: LHB Shunso Kiyomizu 0-0: Called Strike
0-1: Called Strike
0-2: Ball
1-2: Ball
2-2: SINGLE (Line Drive, 34, EV 100.0 MPH)
Pellervo Rintanen to third
César Guerra to second
Runner from 3rd tries for Home, SAFE, no throw by RF
Batting: RHB Henry Lambright Balk!
César Guerra to third
Shunso Kiyomizu to second
0-0: Called Strike
0-1: Called Strike
0-2: Ball
1-2: Foul Ball, location: 2F
1-2: Ball
2-2: Foul Ball, location: 2F
2-2: Ball
3-2: Strikes out looking
Bottom of the 6th over - 4 runs, 5 hits, 0 errors, 2 left on base; Ft. Worth 1 - Buckhead 9
TOP OF THE 7TH
Ft. Worth Cattlemen batting - Pitching for Buckhead Bowties : RHP Enrique Cruz
Now at 2B: César Guerra
Now in LF: Shunso Kiyomizu
Now in CF: Charles Godard
Batting: RHB Mun-wah Law 0-0: Ball
1-0: Called Strike
1-1: Foul Ball, location: 2F
1-2: Ground out 5-3 (Groundball, 5, EV 90.0 MPH)
Pitching: RHP Pascal Martin
Pinch Hitting: LHB José Corona 0-0: Ball
1-0: SINGLE (Groundball, 4D, EV 94.4 MPH)
Batting: LHB Ashley Thachi 0-0: Swinging Strike
0-1: Ball
1-1: Ball
2-1: Fly out, F8 (Flyball, 8RS, EV 73.8 MPH)
Pinch Hitting: RHB Steven Rohrs 0-0: Ball
1-0: Ball
2-0: Called Strike
2-1: Ground out 4-3 (Groundball, 4MD, EV 110.6 MPH)
Top of the 7th over - 0 runs, 1 hit, 0 errors, 1 left on base; Ft. Worth 1 - Buckhead 9
BOTTOM OF THE 7TH
Buckhead Bowties batting - Pitching for Ft. Worth Cattlemen : LHP Ricardo Ruíz
Now at 2B: José Corona
Now in CF: Steven Rohrs
Pinch Hitting: RHB Jeff Mouton 0-0: Called Strike
0-1: Swinging Strike
0-2: Ball
1-2: SOLO HOME RUN (Flyball, 7LD, EV 87.5 MPH), Distance : 344 ft
Batting: RHB Nick Bechtel 0-0: Ball
1-0: Ground out 6-3 (Groundball, 6, EV 83.1 MPH)
Pinch Hitting: RHB Emílio Agramónte 0-0: Foul Ball, location: 2F
0-1: Called Strike
0-2: Ball
1-2: Foul Ball, location: 2F
1-2: Strikes out swinging
Batting: SHB Henrique de Senna Fernandes 0-0: Called Strike
0-1: Ball
1-1: Ball
2-1: Ground out 5-3 (Groundball, 56S, EV 70.0 MPH)
Bottom of the 7th over - 1 run, 1 hit, 0 errors, 0 left on base; Ft. Worth 1 - Buckhead 10
TOP OF THE 8TH
Ft. Worth Cattlemen batting - Pitching for Buckhead Bowties : RHP Pascal Martin
Now at 1B: Emílio Agramónte
Now in RF: Jeff Mouton
Pinch Hitting: LHB Glen Allen Mixon 0-0: Ball
1-0: Foul Ball, location: 2F
1-1: Ball
2-1: Ground out 1-3 (Groundball, P, EV 85.0 MPH)
Batting: LHB Jesús Morales 0-0: Ball
1-0: Foul Ball, location: 2F
1-1: SINGLE (Groundball, 13, EV 66.2 MPH) (infield hit)
Batting: LHB Craig Woods 0-0: Foul Ball, location: 2F
0-1: Foul Ball, location: 2F
0-2: Foul Ball, location: 2F
0-2: Ball
1-2: Strikes out looking
Batting: RHB Keiran Calleson 0-0: Foul Ball, location: 2F
0-1: Ball
1-1: Ball
2-1: Foul Ball, location: 2F
2-2: Strikes out looking
Top of the 8th over - 0 runs, 1 hit, 0 errors, 1 left on base; Ft. Worth 1 - Buckhead 10
BOTTOM OF THE 8TH
Buckhead Bowties batting - Pitching for Ft. Worth Cattlemen : LHP Ricardo Ruíz
Now at 1B: Glen Allen Mixon
Batting: RHB Pellervo Rintanen 0-0: Called Strike
0-1: Ball
1-1: Swinging Strike
1-2: Strikes out swinging
Pitching: RHP Gil Brown
Batting: RHB César Guerra 0-0: Reached via error on a dropped throw from 3B, E3 (Groundball, 5S, EV 80.0 MPH)
Batting: LHB Charles Godard 0-0: SINGLE (Groundball, 6, EV 100.0 MPH) (infield hit)
César Guerra to second
Batting: LHB Shunso Kiyomizu 0-0: Ball
1-0: Fly out, F6 (Popup, 56D, EV 53.8 MPH)
Batting: RHB Henry Lambright 0-0: Called Strike
0-1: Ball
1-1: Ball
2-1: Foul Ball, location: 2F
2-2: Strikes out looking
Bottom of the 8th over - 0 runs, 1 hit, 1 error, 2 left on base; Ft. Worth 1 - Buckhead 10
TOP OF THE 9TH
Ft. Worth Cattlemen batting - Pitching for Buckhead Bowties : RHP Pascal Martin
Batting: LHB Francisco García 0-0: Ball
1-0: SINGLE (Groundball, 6MD, EV 100.6 MPH)
Pinch Hitting: SHB Akihiko Fujii 0-0: Foul Ball, location: 2F
0-1: Swinging Strike
0-2: Foul Ball, location: 2F
0-2: Foul Ball, location: 2F
0-2: Strikes out swinging
Batting: LHB José Corona 0-0: Ball
1-0: Ball
2-0: Called Strike
2-1: Fly out, F8 (Line Drive, 8LD, EV 97.5 MPH)
Batting: LHB Ashley Thachi 0-0: Foul Ball, location: 2F
0-1: Called Strike
0-2: Foul Ball, location: 2F
0-2: Ball
1-2: Strikes out swinging
Top of the 9th over - 0 runs, 1 hit, 0 errors, 1 left on base; Ft. Worth 1 - Buckhead 10
Friday, April 17th, 2020 - OOTP Baseball 20.8 Build 74